 Dungeon Crawl Stone Soup version 0.29-a0-575-g0dc89cf053 (webtiles) character file.

Game seed: 6936136828182972837

166 shoop the Insei (level 6, 0/47 HPs)
             Began as a Meteoran Transmuter on June 12, 2022.
             Was an Initiate of Nemelex Xobeh.
             Slain by an adder (1 damage)
             ... in a sewer.
             The game lasted 00:06:48 (680 turns).

shoop the Insei (Meteoran Transmuter)                Turns: 680, Time: 00:06:48

Health: 0/47       AC:  3    Str: 12    XL:     6   Next: 5%
Magic:  11/11      EV: 12    Int: 16    God:    Nemelex Xobeh [......]
Gold:   73         SH:  0    Dex: 15    Spells: 5/10 levels left

rFire   . . .      SeeInvis .     - Unarmed
rCold   . . .      Faith    .   (no shield)
rNeg    . . .      Spirit   .   a - +0 robe
rPois   .          Reflect  .   (helmet currently unavailable)
rElec   .          Harm     .   (no cloak)
rCorr   .          Rampage  .   d - +0 pair of gloves
Will    .....                   (boots currently unavailable)
Stlth   +.........              (no amulet)
HPRegen 0.15/turn               (no ring)
MPRegen 0.12/turn               (no ring)

@: lethally poisoned (0 -> -4), appendages (expiring), glowing
A: horns 2, talons 2, sense surroundings 1, otherworldly, glowing, explore regen
a: End Transformation, Renounce Religion, Draw Escape, Draw Destruction, Draw
Summoning


You were in a sewer.
You worshipped Nemelex Xobeh.
Nemelex Xobeh was noncommittal.
You had temporarily grown beastly horns and talons.
You visited 2 branches of the dungeon, and saw 6 of its levels.
You also visited: Sewer.

You collected 148 gold pieces.
You spent 75 gold pieces at shops.

Inventory:

Armour
 a - a +0 robe (worn)
 c - a +0 pair of boots (melded)
 d - a +0 pair of gloves (worn)
Scrolls
 e - a scroll of noise {unknown}
 g - 2 scrolls of identify {unknown}
 i - a scroll of blinking
 j - a scroll of teleportation {unknown}
Potions
 b - 2 potions of lignification
 f - a potion of heal wounds {unknown}
 h - a potion of magic {unknown}


   Skills:
 - Level 1.1 Fighting
 - Level 2.4 Dodging
 * Level 6.1 Unarmed Combat
 - Level 2.6 Spellcasting
 + Level 4.1 Transmutations
 + Level 0.9 Ice Magic


You had 5 spell levels left.
You knew the following spells:

 Your Spells              Type           Power      Damage    Failure   Level
a - Beastly Appendage     Tmut           30%        N/A       3%          1
b - Ice Form              Ice/Tmut       10%        N/A       56%         4

Your spell library contained the following spells:

 Spells                   Type           Power      Damage    Failure   Level
 Wereblood                Tmut           15%        N/A       5%          2
 Spider Form              Tmut/Pois      8%         N/A       24%         3


Dungeon Overview and Level Annotations

Branches:
Dungeon (5/15)             Temple (1/1) D:4           Sewer (1/1)

Altars:
Elyvilon
Gozag
Makhleb
Nemelex Xobeh
Qazlal
Sif Muna
Vehumet
Wu Jian
Xom
Yredelemnul

Shops:
D:4 ?


Innate Abilities, Weirdness & Mutations

You have temporarily grown beastly horns and talons.
You passively map a small area around you.
You are easily found by Zot.
You glow in the dark.
You regain HP and MP as you explore.


Message History

Found 13 gold pieces.
There is a large open door here.
You now have 37 gold pieces (gained 19).
You now have 45 gold pieces (gained 8).
You now have 60 gold pieces (gained 15).
Your transformation is almost over.
You now have 73 gold pieces (gained 13).
There is a large open door here.
You open the large door. 3 adders come into view.
The adder hisses angrily. x3
The adder barely misses you.
You hit the adder. Your kick misses the adder.
The adder is moderately wounded.
The adder closely misses you. The adder bites you.
* * * LOW HITPOINT WARNING * * *
The adder closely misses you.
You closely miss the adder. Your kick misses the adder.
The adder is moderately wounded.
The adder bites you.
* * * LOW HITPOINT WARNING * * *
The adder closely misses you. x2
You hit the adder but do no damage.
The adder is moderately wounded.
The adder barely misses you. The adder misses you. The adder bites you.
* * * LOW HITPOINT WARNING * * *
You are lethally poisoned!
The adder poisons you!
You hit the adder.
The adder is severely wounded.
* * * LOW HITPOINT WARNING * * *
You feel sick. The adder bites you.
* * * LOW HITPOINT WARNING * * *
The adder barely misses you. x3
You hit the adder.
You kill the adder!
* * * LOW HITPOINT WARNING * * *
You feel sick. The adder bites you.
You die...
Your body disappears without additional glow.

,+..'.##≈≈.# ≈
* ,+.†'.##≈≈†#
≈* #†.#.##≈≈≈#
≈ * #..####≈≈≈#
, ≈ #..# #≈≈≈#
*###..####≈≈≈#
≈*#.#..#.##≈≈≈#
, #.S..'.##≈≈.#
≈ #.S@.'.##≈≈≈#
≈ #.#†.#.##≈≈≈#
≈,*#
#..####≈≈†# *
#..# #≈≈.# ≈
#∩∩# #≈≈.# *
#### #≈≈≈# ≈ *
#.≈.# ≈ * #≈≈≈#
* ≈ #≈≈≈#


You could see 2 adders.

Vanquished Creatures
  A phantom (D:4)
  3 river rats (Sewer)
  3 adders
  A dart slug (D:2)
  2 orcs
  4 ball pythons
  4 bats
  2 endoplasms (D:2)
  7 giant cockroaches
  3 goblins
  3 jackals (Sewer)
  3 quokkas (Sewer)
  2 frilled lizards (D:1)
  3 kobolds
  2 rats
43 creatures vanquished.

Notes
Turn   | Place    | Note
-------+----------+-------------------------------------------
     0 | D:1      | shoop the Meteoran Transmuter began the quest for the Orb.
     0 | D:1      | Reached XP level 1. HP: 16/16 MP: 5/5
    61 | D:1      | Reached skill level 4 in Unarmed Combat
    61 | D:1      | Reached XP level 2. HP: 18/23 MP: 6/6
   132 | D:2      | Reached XP level 3. HP: 28/28 MP: 8/8
   355 | D:4      | Found Ruirin's Magic Scroll Boutique.
   369 | D:4      | Bought a scroll of blinking for 75 gold pieces
   381 | D:4      | Found a staircase to the Ecumenical Temple.
   381 | D:4      | Noticed a phantom
   392 | D:4      | Killed a phantom
   393 | D:4      | Reached skill level 5 in Unarmed Combat
   393 | D:4      | Reached XP level 4. HP: 8/35 MP: 9/9
   393 | D:4      | Reached XP level 5. HP: 9/40 MP: 10/10
   400 | Temple   | Entered the Ecumenical Temple
   442 | Temple   | Became a worshipper of Nemelex Xobeh the Trickster
   495 | D:5      | Entered Level 5 of the Dungeon
   499 | D:5      | Found a glowing drain.
   515 | D:5      | Learned a level 4 spell: Ice Form
   516 | Sewer    | Entered a sewer
   596 | Sewer    | Reached skill level 6 in Unarmed Combat
   658 | Sewer    | Reached XP level 6. HP: 6/47 MP: 11/11
   679 | Sewer    | HP: 1/47 [adder (2)]
   680 | Sewer    | Slain by an adder

Illustrated notes

Levels and vault maps discovered:
D:1:      ldierk_walled_garden, layout_basic
D:2:      layout_basic, basic_altar, guppyfry_early_lair_pool
D:3:      layout_rooms, minitemple, grunt_temple_overflow_cloverleaf,
          chequers_ecumenical_altar_island
D:4:      minmay_chambers_of_fours, layout_basic,
          minmay_temple_entry_mini_moons, serial_shops, shop
D:5:      layout_basic, nicolae_overflow_squiral, gammafunk_ghost_gnarly_gnolls,
          cheibrodos_sewer_entry_drain, hangedman_glass_teeth,
          minmay_misc_feat_x, uniq_duvessa
Temple:   cyrus_temple_forest
Sewer:    sewer_fruit_machine

Skill      XL: |  1  2  3  4  5 |
---------------+----------------+-----
Unarmed Combat | 4 5 6 |  6.1
Transmutations | 3 4 |  4.1
Fighting       | |  1.1
Dodging        | |  2.4
Spellcasting   | |  2.6
Ice Magic      | |  0.9

Action                   |  1- 3 |  4- 6 || total
-------------------------+-------+-------++-------
Melee: Unarmed           |    51 |    69 ||   120
       Kick              |    10 |    11 ||    21
       Headbutt          |     5 |     6 ||    11
       Punch             |     2 |     5 ||     7
 Cast: Beastly Appendage |    10 |     6 ||    16
Armor: Robe              |     7 |    27 ||    34
Dodge: Dodged            |    17 |    57 ||    74

Table legend: (Time is in decaauts)
 A = Elapsed time spent in this place.
 B = Non-inter-level travel time spent in this place.
 C = Inter-level travel time spent in this place.
 D = Time resting spent in this place.
 E = Time spent auto-exploring this place.
 F = Levels seen in this place.
 G = Mean time per level.
                   A        B        C        D        E       F      G
               +--------+--------+--------+--------+--------+-----+--------+
         Total |    692 |    678 |     14 |      0 |      0 |   7 |   98.9 |
       Dungeon |    436 |    422 |     14 |      0 |      0 |   5 |   87.2 |
        Temple |     77 |     77 |      0 |      0 |      0 |   1 |   77.0 |
         Sewer |    178 |    178 |      0 |      0 |      0 |   1 |  178.0 |
               +--------+--------+--------+--------+--------+-----+--------+

Top non-repeatable levels by time:
   Sewer: 178 daAuts
     D:2: 173 daAuts
     D:4: 120 daAuts
  Temple: 77 daAuts
     D:1: 66 daAuts
     D:3: 53 daAuts
     D:5: 22 daAuts
